Map: Ruins of Endion

Players

printf - Winner!

  • Race: Protoss Protoss
  • League: Master
  • Spawn Location: 5:00

meeK

  • Race: Protoss Protoss
  • League: Master
  • Spawn Location: 7:00

VOD

Have the link to the VOD?

Description

meeK vs printf

Time

  • Played on: April 2, 2016, 2:44 p.m.
  • Length: 4:56
Show
View Real Time Build Order
Export as new Build Order

printf Protoss - Winner!

Build Orders: Cannon Rush 

Get SALT Encoding   

  12  0:01  Probe (Chrono Boost)  
  13  0:11  Probe (Chrono Boost)  
  14  0:18  Pylon  
  14  0:22  Probe (Chrono Boost)  
  15  0:36  Probe (Chrono Boost)  
  15  0:37  Forge  
  16  1:02  Pylon  
  16  1:08  Pylon  
  16  1:16  Pylon  
  16  1:22  Photon Cannon  
  16  1:31  Photon Cannon  
  16  1:38  Photon Cannon  
  16  1:45  Pylon  
  16  1:58  Photon Cannon  
  16  2:06  Photon Cannon  
  16  2:08  Photon Cannon  
  16  2:21  Assimilator  
  16  2:23  Gateway  
  16  2:30  Gateway x2  
  16  2:34  Photon Cannon  
  15  2:43  Photon Cannon  
  10  3:11  Assimilator  
  10  3:17  Cybernetics Core  
  10  3:18  Probe (Chrono Boost)  
  11  3:32  Probe (Chrono Boost)  
  12  3:42  Probe (Chrono Boost)  
  13  3:53  Probe (Chrono Boost)  
  14  4:03  Probe (Chrono Boost)  
  17  4:17  Mothership Core (Chrono Boost)  
  17  4:34  Pylon  
  17  4:35  Pylon  
  17  4:36  Pylon  
  17  4:49  Pylon  
Show
View Real Time Build Order
Export as new Build Order

meeK Protoss 

Build Orders: Cannon Rush 

Get SALT Encoding   

  12  0:01  Probe (Chrono Boost)  
  13  0:11  Probe (Chrono Boost)  
  14  0:21  Pylon  
  14  0:25  Probe (Chrono Boost)  
  15  0:38  Pylon  
  15  0:39  Probe (Chrono Boost)  
  16  0:53  Forge  
  16  1:00  Gateway  
  16  1:12  Gateway  
  16  1:26  Photon Cannon  
  16  1:34  Photon Cannon  
  16  1:46  Photon Cannon  
  18  1:54  Zealot (Chrono Boost)  
  18  2:07  Zealot (Chrono Boost)  
  20  2:18  Zealot (Chrono Boost)  
  15  3:00  Nexus  
  15  4:17  Assimilator  
  15  4:35  Cybernetics Core  
  15  4:45  Assimilator  
Tags
 
Add a new tag
Caveats
  • Supply blocks, unpowered buildings, or Contaminate may cause inaccurate times.
  • Supply counts are checked every 10 seconds.